 Dungeon Crawl Stone Soup version 0.22-a0-858-g985ef60 (webtiles) character file.

63493 VLARC the Thaumaturge (level 14, 0/98 HPs)
             Began as a Mummy Wizard on July 27, 2018.
             Was an Initiate of Gozag.
             Slain by a shock serpent (4 damage)
             ... on level 2 of the Snake Pit on July 28, 2018.
             The game lasted 01:55:47 (44821 turns).

VLARC the Thaumaturge (Mummy Wizard)               Turns: 44821, Time: 01:55:48

Health: 0/98       AC: 15    Str: 15    XL:     14   Next: 68%
Magic:  27/28      EV: 18    Int: 27    God:    Gozag
Gold:   399        SH:  0    Dex: 17    Spells: 14/33 levels left

rFire    + . .     SeeInvis .   z - +10 flail "Ovauzoit" {freeze, rElec}
rCold    + + .     Gourm    .   (no shield)
rNeg     + + +     Faith    .   q - +0 ring mail of Mefojyet {MR+}
rPois    ∞         Spirit   .   d - +2 hat
rElec    +         Reflect  .   k - +0 cloak
rCorr    +         Harm     .   M - +1 pair of gloves {archery}
MR       +++..                  P - +2 pair of boots {Stlth+}
Stlth    +++.......             (no amulet)
HPRegen  0.26/turn              l - ring of protection from fire
MPRegen  0.21/turn              e - ring of Sif Muna's Hope {+Fly MR+ Int+4 Dex+2}

@: mighty, agile, resistant, constricted
A: no food or potions, fire vulnerability, cold resistance 1, negative energy
resistance 3, torment resistance, unbreathing, in touch with death 1
a: Potion Petition, Call Merchant, Bribe Branch, Renounce Religion, Evoke Flight


You were on level 2 of the Snake Pit.
You worshipped Gozag.
Gozag was aware of your devotion.
You were not hungry.

You visited 6 branches of the dungeon, and saw 26 of its levels.
You also visited: Labyrinth and Sewer.

You collected 7506 gold pieces.
You spent 2776 gold pieces at shops.
You paid 4331 gold pieces to Gozag.

Inventory:

Hand Weapons
 z - the +10 flail "Ovauzoit" (weapon) {freeze, rElec}
   (You found it on level 9 of the Dungeon)

   It has been specially enchanted to freeze those struck by it, causing extra
   injury to most foes and up to half again as much damage against particularly
   susceptible opponents.
   It can also slow down cold-blooded creatures.
   It insulates you from electricity.
 O - the +8 war axe of a Thousand Lovers {freeze, rF+}
   (You found it on level 6 of the Lair of Beasts)

   It has been specially enchanted to freeze those struck by it, causing extra
   injury to most foes and up to half again as much damage against particularly
   susceptible opponents.
   It can also slow down cold-blooded creatures.
   It protects you from fire.
Missiles
 g - 3 throwing nets (quivered)
Armour
 d - a +2 hat (worn)
 k - a +0 cloak (worn)
 q - the +0 ring mail of Mefojyet (worn) {MR+}
   (You found it on level 7 of the Dungeon)

   It affects your resistance to hostile enchantments.
 u - a scarf of cloud immunity
 G - a +1 leather armour of fire resistance
 J - a +2 shield
 M - a +1 pair of gloves of archery (worn)
 P - a +2 pair of boots of stealth (worn)
Magical Staves
 h - an uncursed staff of fire
Jewellery
 e - the ring of Sif Muna's Hope (right hand) {+Fly MR+ Int+4 Dex+2}
   (You bought it in a shop on level 13 of the Dungeon)

   [ring of flight]

   It affects your intelligence (+4).
   It affects your dexterity (+2).
   It affects your resistance to hostile enchantments.
   It lets you fly.
 l - a ring of protection from fire (left hand)
 v - an uncursed ring of see invisible
 x - a +3 ring of dexterity
Wands
 c - a wand of paralysis (11)
 j - a wand of enslavement (12)
 t - a wand of acid (21)
 w - a wand of clouds (11)
 y - a wand of scattershot (15)
 A - a wand of random effects (16)
 D - a wand of flame (54)
 E - a wand of disintegration (18)
 F - a wand of digging (11)
 N - a wand of iceblast (7)
Scrolls
 a - 2 scrolls of brand weapon
 b - 6 scrolls of remove curse
 i - 11 scrolls of teleportation
 m - 3 scrolls of enchant armour
 n - 3 scrolls of enchant weapon
 o - a scroll of magic mapping
 r - 3 scrolls of identify
 s - a scroll of amnesia
 B - 2 scrolls of fear
 C - 2 scrolls of blinking
 H - a scroll of torment
 K - 5 scrolls of fog
 L - a scroll of summoning
Miscellaneous
 I - a lightning rod (4/4)


   Skills:
 - Level 5.1 Fighting
 - Level 8.0 Armour
 - Level 8.0 Dodging
 - Level 1.5 Stealth
 - Level 10.0 Shields
 - Level 10.0 Spellcasting
 - Level 7.1 Conjurations
 - Level 6.0 Summonings
 - Level 3.2 Translocations
 - Level 7.0 Fire Magic
 * Level 0.0 Ice Magic
 - Level 7.1 Air Magic
 - Level 4.2 Poison Magic


You had 14 spell levels left.
You knew the following spells:

 Your Spells              Type           Power        Failure   Level  Hunger
a - Magic Dart            Conj           ####         1%          1    N/A
b - Blink                 Tloc           N/A          3%          2    N/A
c - Mephitic Cloud        Conj/Pois/Air  #####...     1%          3    N/A
d - Conjure Flame         Conj/Fire      ######..     1%          3    N/A
e - Apportation           Tloc           ####..       1%          1    N/A
f - Summon Lightning Spi  Summ/Air       #####...     4%          4    N/A
g - Summon Butterflies    Summ           #####...     1%          1    N/A
h - Summon Ice Beast      Ice/Summ       ####....     22%         4    N/A

Your spell library contained the following spells:

 Spells                   Type           Power        Failure   Level  Hunger
 Cause Fear               Hex            ##........   58%         4    N/A
 Slow                     Hex            ##......     11%         2    N/A
 Teleport Other           Tloc           ####....     6%          3    N/A
 Summon Small Mammal      Summ           ####         1%          1    N/A
 Animate Skeleton         Necr           N/A          8%          1    N/A
 Call Imp                 Summ           #####...     1%          2    N/A
 Deflect Missiles         Chrm/Air       ####......   95%         6    N/A
 Confusing Touch          Hex            ##....       8%          1    N/A
 Call Canine Familiar     Summ           #####...     1%          3    N/A
 Silence                  Hex/Air        ####......   43%         5    N/A
 Corona                   Hex            ##.....      8%          1    N/A
 Conjure Ball Lightning   Conj/Air       ######....   52%         6    N/A
 Portal Projectile        Hex/Tloc       ###...       12%         3    N/A
 Passage of Golubria      Tloc           N/A          21%         4    N/A
 Tornado                  Air            ######....   100%        9    N/A
 Leda's Liquefaction      Hex/Erth       ##........   58%         4    N/A
 Summon Hydra             Summ           #####.....   99%         7    N/A
 Shroud of Golubria       Chrm/Tloc      ###.......   6%          2    N/A
 Inner Flame              Hex/Fire       ####....     5%          3    N/A
 Summon Mana Viper        Hex/Summ       ####....     52%         5    N/A
 Gell's Gravitas          Tloc           ####......   6%          3    N/A
 Lesser Beckoning         Tloc           ####......   6%          3    N/A

Dungeon Overview and Level Annotations

Branches:
Dungeon (14/15)            Temple (1/1) D:4            Lair (6/6) D:11
 Shoals (0/4) Lair:3        Snake (2/4) Lair:3        Slime (0/5) Lair:6
    Orc (2/2) D:10            Elf (1/3) Orc:2
 Vaults: D:13-14

Altars:
Ashenzari
Cheibriados
Dithmenos
Elyvilon
Fedhas
Gozag
Hepliaklqana
Kikubaaqudgha
Makhleb
Nemelex Xobeh
Okawaru
Qazlal
Ru
Sif Muna
Trog
Uskayaw
Vehumet
Wu Jian
Xom
Yredelemnul
Zin
The Shining One
Beogh
Jiyva

Shops:
D:9 (   D:12 [   D:13 =   Orc:2 :***   Lair:5 *

Annotations:
D:4 2 runed doors, biddum's ghost, amateur GrBe
D:9 3 runed doors, riteheju's ghost, novice DsGl
D:14 Nessos
Lair:2 exclusion: oklob plant
Snake:1 1 runed door


Innate Abilities, Weirdness & Mutations

You do not eat or drink.
Your flesh is vulnerable to fire.
You are immune to poison.
Your flesh is cold resistant. (rC+)
You are immune to negative energy. (rN+++)
You are immune to unholy pain and torment.
You can survive without breathing.
You are in touch with the powers of death.


Message History

The anaconda bites you but does no damage.
* * * LOW HITPOINT WARNING * * *
The anaconda constricts you. The shock serpent barely misses you.
Blink to where?
Press: ? - help, Dir - move target cursor The anaconda's grasp on you weakens, but your attempt to escape fails.
As you read the scroll of blinking, it crumbles to dust.
The black mamba bites you but does no damage.
The anaconda bites you but does no damage.
* * * LOW HITPOINT WARNING * * *
The anaconda constricts you.
The mana viper bites you but does no damage.
The naga spits poison at you. The splash of poison hits you! You resist.
The black mamba bites you but does no damage.
The shock serpent bites you.
* * * LOW HITPOINT WARNING * * *
The shock serpent shocks you. You resist.
You die...
Your body crumbles into a pile of gold.

$
##.........
#..........$
#..........
#..........
##..N......?
#...........
#...SS......
#...@SN.....
#...NS......
##..........
##.........
#.........
##........
##.....##
....##


You could see an anaconda, a naga ritualist, a shock serpent, a mana viper, a
black mamba and 2 nagas.

Vanquished Creatures
  A minotaur (Lab)
  Snorg (D:11)
  2 vault guards (D:14)
  5 hydras
  An anaconda (Snake:1)
  A centaur warrior (D:14)
  3 two-headed ogres
  5 death yaks
  2 orc high priests (Orc:2)
  A shock serpent (Snake:1)
  An unseen horror (D:13)
  A naga ritualist (Snake:1)
  2 orc knights (Orc:2)
  A mana viper (Snake:1)
  A deep elf mage (D:13)
  2 ugly things
  13 elephants
  3 merfolk sirens (Lair:3)
  6 black mambas
  5 spiny frogs
  A gargoyle (D:9)
  A torpor snail (Lair:5)
  A rime drake (Lair:2)
  6 komodo dragons
  4 trolls
  3 polar bears (Lair:6)
  A merfolk (Lair:3)
  Grinder (D:3)
  4 blink frogs (Lair:5)
  A hornet (D:9)
  6 dream sheep
  9 hippogriffs
  54 yaks
  A water elemental (D:11)
  A shadow (D:13)
  A wyvern (Lair:5)
  A basilisk (Lair:3)
  3 hungry ghosts
  Grum (Lair:1)
  A human (D:14)
  A naga (Snake:1)
  9 porcupines
  17 water moccasins
  Duvessa (D:6)
  21 orc warriors
  5 sky beasts
  6 ice beasts
  4 black bears
  An eye of draining (D:9)
  7 phantoms
  6 ogres
  28 wolves
  3 centaurs
  8 crocodiles
  5 big kobolds
  A gnoll sergeant (D:9)
  16 bullfrogs
  A wyvern zombie (D:13)
  2 wyvern skeletons
  5 scorpions
  Dowan (D:6)
  6 killer bees (D:10)
  5 wights (D:9)
  5 electric eels
  A howler monkey (D:6)
  3 crimson imps
  A bullfrog zombie (D:5)
  A quasit (D:11)
  2 centaur zombies
  22 orc priests
  9 hounds
  5 jellies
  13 orc wizards
  A bullfrog skeleton (D:9)
  Jessica (D:2)
  A centaur skeleton (D:12)
  3 iguanas
  5 worker ants
  A hound skeleton (D:5)
  11 adders
  6 gnolls
  2 river rats (Sewer)
  6 shadow imps
  7 oozes
  3 adder zombies
  2 adder skeletons (D:9)
  3 worms
  4 dart slugs
  8 leopard geckos
  74 orcs
  5 giant cockroaches
  3 goblins
  7 hobgoblins
  6 jackals
  6 quokkas
  2 ball pythons
  4 bats
  5 frilled lizards
  24 kobolds
  A leopard gecko skeleton (D:8)
  A quokka skeleton (D:9)
  11 rats
  A fungus (Lair:6)
593 creatures vanquished.

Vanquished Creatures (collateral kills)
  Harold (Orc:1)
  A catoblepas (Lair:6)
  A centaur warrior (D:13)
  A deep troll shaman (Lair:6)
  An anaconda (Snake:1)
  3 death yaks
  2 orc high priests (Orc:2)
  A lindwurm (Lair:6)
  A deep elf mage (Elf:1)
  2 cyclopes
  2 orc sorcerers (Orc:2)
  4 ugly things
  A manticore (D:12)
  A naga mage (Snake:1)
  2 black mambas (Snake:1)
  2 elephants (Lair:6)
  7 yaks
  2 wyverns (D:14)
  2 nagas (Snake:1)
  12 orc warriors
  A centaur (D:12)
  3 crocodiles (Lair:6)
  A killer bee (D:10)
  A hound (D:14)
  11 orc wizards
  13 orc priests
  An iguana (D:14)
  2 worker ants
  An adder (D:6)
  A shadow imp (D:14)
  10 orcs
  A quokka (D:5)
95 creatures vanquished.

Vanquished Creatures (others)
  37 fungi
  15 plants
52 creatures vanquished.

Grand Total: 740 creatures vanquished

Notes
Turn   | Place    | Note
-------+----------+-------------------------------------------
     0 | D:1      | VLARC the Mummy Wizard began the quest for the Orb.
     0 | D:1      | Reached XP level 1. HP: 13/13 MP: 5/5
    29 | D:1      | Reached skill level 1 in Conjurations
   368 | D:1      | Reached XP level 2. HP: 19/19 MP: 0/7
   965 | D:1      | Learned a level 2 spell: Blink
  1276 | D:2      | Noticed Jessica
  1283 | D:2      | Killed Jessica
  1283 | D:2      | Reached XP level 3. HP: 17/24 MP: 1/8
  1517 | D:2      | Reached XP level 4. HP: 28/30 MP: 6/10
  2160 | D:3      | Learned a level 3 spell: Mephitic Cloud
  2164 | D:3      | Learned a level 3 spell: Conjure Flame
  2618 | D:2      | Reached XP level 5. HP: 18/35 MP: 7/11
  2884 | D:3      | Noticed Grinder
  3039 | D:4      | Noticed an ogre
  3040 | D:4      | Noticed a phantom
  3040 | D:4      | Noticed an ogre
  3070 | D:4      | Noticed a phantom
  3225 | D:5      | Entered Level 5 of the Dungeon
  3254 | D:5      | Learned a level 1 spell: Animate Skeleton
  3311 | D:5      | Noticed an ice beast
  3775 | D:5      | Found a glowing drain.
  3779 | Sewer    | Entered a sewer
  3856 | Sewer    | Reached skill level 5 in Conjurations
  3856 | Sewer    | Reached XP level 6. HP: 34/41 MP: 2/12
  3903 | Sewer    | Found a glowing silver altar of Zin.
  4014 | D:5      | Reached skill level 1 in Translocations
  4081 | D:5      | Killed an ice beast
  4157 | D:5      | Found a snail-covered altar of Cheibriados.
  4403 | D:5      | Reached XP level 7. HP: 15/46 MP: 0/13
  4852 | D:5      | Reached skill level 1 in Fire Magic
  4852 | D:5      | Reached skill level 1 in Air Magic
  4852 | D:5      | Reached skill level 1 in Poison Magic
  5190 | D:4      | Found a runed door.
  5192 | D:4      | Noticed biddum's ghost (amateur GrBe)
  5259 | D:4      | Found a runed door.
  5347 | D:4      | Found a staircase to the Ecumenical Temple.
  5354 | Temple   | Entered the Ecumenical Temple
  5737 | D:6      | Found a shattered altar of Ashenzari.
  5899 | D:6      | Reached XP level 8. HP: 52/52 MP: 7/14
  5981 | D:6      | Found a hide-covered altar of Uskayaw.
  6084 | D:6      | Noticed Dowan
  6087 | D:6      | Noticed Duvessa
  6236 | D:6      | Killed Dowan
  6237 | D:6      | Killed Duvessa
  6436 | D:6      | Found a blossoming altar of Fedhas.
  6554 | D:6      | Found an opulent altar of Gozag.
  6554 | D:6      | Found a deep blue altar of Sif Muna.
  6554 | D:6      | Found a burning altar of Makhleb.
  6588 | D:6      | Became a worshipper of Gozag Ym Sagoz the Greedy
  6792 | D:3      | Killed Grinder
  6914 | D:3      | Reached skill level 5 in Spellcasting
  7666 | D:7      | Reached XP level 9. HP: 65/65 MP: 18/18
  8419 | D:7      | Found an iron altar of Okawaru.
  8439 | D:7      | Got a transparent ring mail
  8440 | D:7      | Identified the cursed +0 ring mail of Mefojyet {MR+} (You found it on level 7 of the Dungeon)
  8498 | D:7      | Found a shadowy altar of Dithmenos.
  8519 | D:7      | Reached skill level 1 in Armour
  9077 | D:7      | Reached skill level 5 in Fighting
  9883 | D:8      | Found a basalt altar of Yredelemnul.
 10425 | D:9      | Found a runed gate.
 10425 | D:9      | Found a runed gate.
 10426 | D:9      | Found a runed gate.
 10432 | D:9      | Noticed riteheju's ghost (novice DsGl)
 10564 | D:9      | Noticed a gargoyle
 10753 | D:9      | Reached XP level 10. HP: 66/74 MP: 1/20
 11411 | D:9      | Killed a gargoyle
 11424 | D:9      | Reached skill level 5 in Air Magic
 11568 | D:9      | Reached skill level 5 in Fire Magic
 11649 | D:9      | Found a sacrificial altar of Ru.
 11675 | D:9      | Got a fine flail
 11676 | D:9      | Identified the +10 flail "Ovauzoit" {freeze, rElec} (You found it on level 9 of the Dungeon)
 11686 | D:9      | Found Liclu's Weapon Boutique.
 11849 | D:9      | Noticed a two-headed ogre
 11872 | D:9      | Killed a two-headed ogre
 12236 | D:10     | Entered Level 10 of the Dungeon
 12809 | D:10     | Reached XP level 11. HP: 65/79 MP: 11/21
 12975 | D:10     | Found a roughly hewn altar of Beogh.
 12975 | D:10     | Found a staircase to the Orcish Mines.
 13752 | D:11     | Noticed Snorg
 13772 | D:11     | Killed Snorg
 14031 | D:11     | Noticed a seven-headed hydra
 14146 | D:11     | Killed an eight-headed hydra
 14585 | D:11     | Reached skill level 5 in Armour
 14796 | D:11     | Noticed a two-headed ogre
 14867 | D:11     | Killed a two-headed ogre
 14880 | D:11     | Reached skill level 5 in Dodging
 15698 | D:11     | Found a staircase to the Lair.
 15853 | Lair:1   | Entered Level 1 of the Lair of Beasts
 16176 | Lair:1   | Noticed Grum
 16291 | Lair:1   | Killed Grum
 16632 | Lair:1   | Reached XP level 12. HP: 86/86 MP: 13/22
 17058 | Lair:2   | Noticed an eight-headed hydra
 17066 | Lair:2   | Killed an eight-headed hydra
 17176 | Lair:2   | Found a labyrinth entrance.
 17182 | Lab      | Entered a labyrinth
 23551 | Lab      | Noticed a minotaur
 23563 | Lab      | HP: 1/86 [minotaur/silver javelin (29)]
 23617 | Lab      | Killed a minotaur
 25195 | Lair:2   | Learned a level 1 spell: Apportation
 25241 | Lair:3   | Found a staircase to the Snake Pit.
 25330 | Lair:3   | Reached skill level 1 in Shields
 25845 | Lair:3   | Found a staircase to the Shoals.
 27009 | Lair:4   | Reached skill level 5 in Shields
 27030 | Lair:3   | Gained mutation: You are in touch with the powers of death. [Mummy growth]
 27030 | Lair:3   | Reached XP level 13. HP: 28/91 MP: 3/23
 29913 | Lair:6   | Entered Level 6 of the Lair of Beasts
 30605 | Lair:6   | Found a viscous altar of Jiyva.
 30605 | Lair:6   | Found a staircase to the Slime Pits.
 30740 | Lair:5   | Bought a book of the Sky for 910 gold pieces
 30740 | Lair:5   | Bought a scroll of torment for 105 gold pieces
 30745 | Lair:5   | Learned a level 4 spell: Summon Lightning Spire
 30843 | Lair:6   | Reached skill level 1 in Summonings
 32531 | Lair:6   | Reached skill level 10 in Spellcasting
 33279 | Lair:6   | Reached skill level 5 in Summonings
 33871 | Lair:6   | Got a brightly glowing war axe
 33872 | Lair:6   | Identified the +8 war axe of a Thousand Lovers {freeze, rF+} (You found it on level 6 of the Lair of Beasts)
 34459 | D:12     | Found Xepeghil's Armour Shop.
 34862 | D:13     | Reached XP level 14. HP: 88/98 MP: 28/28
 35107 | D:13     | Found Nimn's Jewellery Emporium.
 35113 | D:13     | Bought the ring of Sif Muna's Hope {+Fly MR+ Int+4 Dex+2} for 597 gold pieces
 36490 | D:14     | Noticed Nessos
 36686 | Orc:1    | Entered Level 1 of the Orcish Mines
 37194 | Orc:1    | You fall through a shaft!
 37194 | Orc:2    | Entered Level 2 of the Orcish Mines
 37314 | Orc:1    | Noticed Harold
 37337 | Orc:1    | Killed Harold
 39806 | Orc:2    | Found a staircase to the Elven Halls.
 39921 | Orc:2    | Found Areos's Assorted Antiques.
 39921 | Orc:2    | Found Batiut's Book Shop.
 39921 | Orc:2    | Found Liditet's General Store.
 39924 | Orc:2    | Found Wesin's Assorted Antiques.
 39927 | Orc:2    | Bought a scroll of teleportation for 84 gold pieces
 39930 | Orc:2    | Bought a pair of runed gloves for 210 gold pieces
 39930 | Orc:2    | Bought a pair of embroidered boots for 210 gold pieces
 40203 | Snake:1  | Entered Level 1 of the Snake Pit
 40917 | Snake:1  | Found a runed door.
 41231 | Snake:1  | Found a shimmering altar of Xom.
 42529 | Elf:1    | Entered Level 1 of the Elven Halls
 43092 | D:13     | Reached skill level 10 in Shields
 44586 | Orc:2    | Bought a book of Beasts for 660 gold pieces
 44588 | Orc:2    | Learned a level 1 spell: Summon Butterflies
 44598 | Orc:2    | Learned a level 4 spell: Summon Ice Beast
 44821 | Snake:2  | HP: 4/98 [shock serpent (5)]
 44821 | Snake:2  | Slain by a shock serpent

Vault maps used:
D:1:      minmay_arrival_plants_in_alcoves, st_stairs_5
D:2:      first_ration, uniq_jessica
D:3:      grunt_decor_arrowhead, uniq_grinder
D:4:      minmay_temple_entry_junction, ebering_ghost_sewer_f
D:5:      kennysheep_slug_shrine, gup_sewer_entry_spiral
D:6:      lemuel_crystal_altar, fedhas_altar_3, grunt_temple_overflow_open,
          basic_altar, lemuel_old_faithful, uniq_duvessa
D:7:      okawaru_ov_weapons_minmay, grunt_dithmenos_shadows
D:8:      yredelemnul_altar_generic, hangedman_little_slice_of_home,
          minivault_19
D:9:      nicolae_ru_path_of_blood, gammafunk_ghost_necromancy, serial_shops,
          shop_coins, hangedman_abyss_or_decor_stabs
D:10:     david_orc_5
D:11:     erik_lair_island, uniq_snorg
D:12:     serial_shops, shop, nicolae_zen_rock_garden
D:13:     serial_shops, nicolae_shop_stone
D:14:     grunt_vaults_entry_fortified, minmay_misc_feat_cross, uniq_nessos
Temple:   nicolae_temple_hex_pool
Lair:1:   uniq_grum
Lair:2:   lab_entry_generic, small_statue_intersection,
          minmay_lair_oklob_chamber
Lair:3:   elwin_shoals_entry_stream, dummy_snake_entry, beast_lair_carwin_11
Lair:4:   grunt_megastairs_5
Lair:5:   st_stairs_4, serial_bayou_shore_a
Lair:6:   grunt_lair_end_beastmaster, slime_altar_1, patterned_corridor
Snake:1:  cheibrodos_toxic_ritual, basic_altar
Snake:2:  serial_shops, shop, uniq_aizul, uniq_frances
Orc:1:    uniq_harold
Orc:2:    st_orc_mages
Elf:1:    minmay_elf_arrival_summoners, serial_shops, nicolae_shop_statue_plus,
          bh_hangedman_babel_library
Lab:      labyrinth_hidden_loot, nicolae_lab_t_cross
Sewer:    sewer_kobolds

Skill      XL: |  1  2  3  4  5  6  7  8  9 10 11 12 13 14 |
---------------+-------------------------------------------+-----
Conjurations   | 1 3 4 5 7 |  7.1
Translocations | 3 |  3.2
Fire Magic     | 2 3 4 6 7 |  7.0
Air Magic      | 2 3 4 7 |  7.1
Poison Magic   | 2 3 4 |  4.2
Fighting       | 3 5 |  5.1
Spellcasting   | 6 7 10 | 10.0
Armour         | 2 6 8 |  8.0
Dodging        | 6 8 |  8.0
Shields        | 5 6 10 | 10.0
Summonings     | 5 6 |  6.0
Stealth        | |  1.5

Action                   |  1- 3 |  4- 6 |  7- 9 | 10-12 | 13-15 || total
-------------------------+-------+-------+-------+-------+-------++-------
Melee: Unarmed           |     9 |       |       |       |       ||     9
       Spear             |    19 |    14 |     2 |       |       ||    35
       Quarterstaff      |       |   141 |    71 |       |       ||   212
       Whip              |       |       |   144 |    94 |       ||   238
       Flail             |       |       |       |   566 |   708 ||  1274
 Cast: Magic Dart        |    71 |   130 |   260 |   159 |   110 ||   730
       Mephitic Cloud    |       |    11 |    25 |    91 |   130 ||   257
       Blink             |       |     5 |     7 |     4 |    29 ||    45
       Conjure Flame     |       |     4 |    22 |    50 |    25 ||   101
       Animate Skeleton  |       |     2 |     6 |       |       ||     8
       Apportation       |       |       |       |     2 |       ||     2
       Summon Lightning  |       |       |       |       |    76 ||    76
Invok: Potion Petition   |       |       |       |     4 |     6 ||    10
       Call Merchant     |       |       |       |       |     1 ||     1
Evoke: Wand              |       |       |       |       |     4 ||     4
  Use: Scroll            |       |     2 |     7 |     8 |    12 ||    29
 Stab: Sleeping          |       |     3 |       |     2 |       ||     5
       Confused          |       |     2 |     4 |    18 |    25 ||    49
       Distracted        |       |     1 |       |       |     5 ||     6
       Invisible         |       |       |       |     5 |       ||     5
Armor: Robe              |     5 |    90 |    74 |       |       ||   169
       Ring mail         |       |       |    51 |   370 |   329 ||   750
Dodge: Dodged            |    29 |   141 |   123 |   503 |   569 ||  1365
Block: Shield            |       |       |       |       |    36 ||    36

Table legend:
 A = Spawn XP
 B = Non-spawn XP
 C = Spawn XP percentage of total XP
 D = Spawn monster count
 E = Non-spawn monster count
 F = Spawn count percentage of total count
 G = Total turns spent on level
                    A         B        C        D         E        F      G
               +---------+---------+-------+---------+---------+-------+---------
         Total |       0 |   90705 |   0.0 |       0 |     687 |   0.0 | 44821
               +---------+---------+-------+---------+---------+-------+---------
           D:1 |       0 |      28 |   0.0 |       0 |      16 |   0.0 |  1213
           D:2 |       0 |     145 |   0.0 |       0 |      28 |   0.0 |  1331
           D:3 |       0 |     511 |   0.0 |       0 |      19 |   0.0 |   979
           D:4 |       0 |     361 |   0.0 |       0 |       6 |   0.0 |   706
           D:5 |       0 |     491 |   0.0 |       0 |      29 |   0.0 |  1660
           D:6 |       0 |     929 |   0.0 |       0 |      13 |   0.0 |  1615
           D:7 |       0 |    1225 |   0.0 |       0 |      21 |   0.0 |  1507
           D:8 |       0 |     534 |   0.0 |       0 |      16 |   0.0 |  1173
           D:9 |       0 |    3604 |   0.0 |       0 |      34 |   0.0 |  1790
          D:10 |       0 |    4955 |   0.0 |       0 |      72 |   0.0 |  2031
          D:11 |       0 |    7111 |   0.0 |       0 |      52 |   0.0 |  2131
          D:12 |       0 |    1290 |   0.0 |       0 |      16 |   0.0 |   706
          D:13 |       0 |    4916 |   0.0 |       0 |      20 |   0.0 |  2060
          D:14 |       0 |    6800 |   0.0 |       0 |      27 |   0.0 |   819
        Lair:1 |       0 |    2293 |   0.0 |       0 |      13 |   0.0 |  1393
        Lair:2 |       0 |    6924 |   0.0 |       0 |      28 |   0.0 |  1675
        Lair:3 |       0 |    7136 |   0.0 |       0 |      37 |   0.0 |  2229
        Lair:4 |       0 |    4601 |   0.0 |       0 |      20 |   0.0 |   983
        Lair:5 |       0 |    9335 |   0.0 |       0 |      28 |   0.0 |  3298
        Lair:6 |       0 |   11632 |   0.0 |       0 |      48 |   0.0 |  2475
       Snake:1 |       0 |    5973 |   0.0 |       0 |      16 |   0.0 |  2429
         Orc:1 |       0 |    1418 |   0.0 |       0 |      37 |   0.0 |  1245
         Orc:2 |       0 |    6665 |   0.0 |       0 |      78 |   0.0 |  2471
         Elf:1 |       0 |     450 |   0.0 |       0 |       1 |   0.0 |    49
           Lab |       0 |    1239 |   0.0 |       0 |       1 |   0.0 |  6576
         Sewer |       0 |     139 |   0.0 |       0 |      11 |   0.0 |   166
               +---------+---------+-------+---------+---------+-------+---------
